 Dungeon Crawl Stone Soup version 0.31.0-11-ge490571c62 (webtiles) character file.

Game seed: 9079659128714646592

362 qw the Shooter (level 6, -1/30 HPs)
             Began as a Spriggan Hunter on Feb 3, 2024.
             Succumbed to a water moccasin's poison
             ... on level 5 of the Dungeon.
             The game lasted 00:00:14 (3290 turns).

qw the Shooter (Spriggan Hunter)                    Turns: 3290, Time: 00:00:14

Health: -1/30      AC:  2    Str:  7    XL:     6   Next: 39%
Magic:  7/7        EV: 27    Int: 10    God:
Gold:   190        SH:  0    Dex: 21    Spells: 5/5 levels left

rFire   . . .        a - +1 shortbow
rCold   . . .        (shield currently unavailable)
rNeg    . . .        c - +0 robe
rPois   .            (helmet restricted)
rElec   .            (no cloak)
rCorr   .            (gloves unavailable)
SInv    +            (boots unavailable)
Will    +....        (no amulet)
Stlth   ++           j - +5 ring of evasion
HPRegen 0.25/turn    (no ring)
MPRegen 0.10/turn

%: no passive effects
@: lethally poisoned (-1 -> -28), hasted, very quick
A: very small, no large weapons, unfitting armour, see invisible, speed 3
a: no special abilities


You were on level 5 of the Dungeon.
You visited 1 branch of the dungeon, and saw 5 of its levels.

You collected 190 gold pieces.


Innate Abilities, Weirdness & Mutations

You are very small and have problems with some larger weapons.
You are too small for most types of armour.
You have supernaturally acute eyesight. (SInv)
You cover ground extremely quickly. (Speed+++)


   Skills:
 - Level 2.0 Fighting
 + Level 6.2 Ranged Weapons
 - Level 6.2 Dodging
 - Level 1.5 Stealth


You had 5 spell levels left.
You didn't know any spells.
Your spell library was empty.

Inventory:

Hand Weapons
 a - a +1 shortbow (weapon)
Armour
 c - a +0 robe (worn)
Jewellery
 b - a ring of ice
 j - a +5 ring of evasion (left hand)
Scrolls
 d - 2 scrolls of enchant armour
 g - a scroll of identify
Potions
 h - 2 potions of cancellation
 m - a potion of curing

Dungeon Overview and Level Annotations

Branches:
Dungeon (5/15)
 Temple: D:4-7

Altars:
Ashenzari
Qazlal
Vehumet
Zin


Message History

You kill the orc wizard!
You shoot an arrow. The arrow hits the water moccasin!
The water moccasin is heavily wounded.
The water moccasin misses you.
You shoot an arrow.
The arrow completely misses the water moccasin.
The arrow closely misses the orc priest.
The water moccasin completely misses you.
You shoot an arrow.
The arrow hits the water moccasin but does no damage.
The water moccasin is heavily wounded.
The water moccasin misses you.
You shoot an arrow. The arrow misses the water moccasin.
The arrow hits the orc priest.
The orc priest is lightly wounded.
The water moccasin bites you!
You are poisoned.
The water moccasin poisons you!
You shoot an arrow.
The arrow barely misses the water moccasin.
The arrow hits the orc priest!
The orc priest is almost dead.
You feel sick. The water moccasin misses you.
You shoot an arrow. The arrow hits the water moccasin!
The water moccasin is almost dead.
You feel very sick. The water moccasin bites you!
You are lethally poisoned!
The water moccasin poisons you!
You shoot an arrow.
The arrow barely misses the water moccasin.
The arrow hits the orc priest.
You kill the orc priest!
You feel very sick. The water moccasin bites you.
You are more poisoned.
The water moccasin poisons you!
Your Dodging skill increases to level 6!
You shoot an arrow. The arrow misses the water moccasin.
You die...

.. #. #)####.
.!......
..)...##
##.....##
#...)...#
#....S..#
#.....@!#
##.....##
##.....##
#.......#
#..<....#
#..%....#
..........#
#........#.#
###.##.......


You could see a water moccasin.

Vanquished Creatures
  A scorpion (D:4)
  A bombardier beetle (D:4)
  An orc priest (D:5)
  A hound (D:5)
  An orc wizard (D:5)
  An iguana (D:4)
  6 adders
  2 dart slugs
  2 ribbon worms
  11 orcs
  7 ball pythons
  4 endoplasms
  15 giant cockroaches
  7 goblins
  4 hobgoblins
  2 jackals (D:4)
  6 kobolds
  4 quokkas
  3 bats
  3 frilled lizards
  7 rats
89 creatures vanquished.

Notes
Turn   | Place    | Note
-------+----------+-------------------------------------------
     0 | D:1      | qw the Spriggan Hunter began the quest for the Orb.
     0 | D:1      | Reached XP level 1. HP: 10/10 MP: 2/2
     0 | D:1      | 0 ||| qw: Version: 0.3-a-158-g18b3111
     0 | D:1      | 0 ||| qw: Game counter: 4176
     0 | D:1      | 0 ||| qw: Melee chars always use a shield: true
     0 | D:1      | 0 ||| qw: God list: Okawaru
     0 | D:1      | 0 ||| qw: Allow faded altars: false
     0 | D:1      | 0 ||| qw: Do Orc after clearing Dungeon:15 true
     0 | D:1      | 0 ||| qw: Do second Lair branch before Depths: true
     0 | D:1      | 0 ||| qw: Lair rune preference: random
     0 | D:1      | 0 ||| qw: Goals: Normal
     0 | D:1      | 0 ||| PLANNING D:1-11
    53 | D:1      | Reached skill level 3 in Dodging
   257 | D:1      | Reached XP level 2. HP: 14/14 MP: 3/3
   865 | D:1      | 865 ||| UPGRADING to +5 ring of evasion.
   866 | D:1      | 866 ||| READING 2 scrolls labelled UJEGEERPHUJ.
   866 | D:1      | 866 ||| IDENTIFYING clear potion
   867 | D:1      | 867 ||| READING scroll of identify.
   867 | D:1      | 867 ||| IDENTIFYING sapphire potion
   868 | D:1      | 868 ||| READING scroll labelled MUOCLE NYPOI.
   869 | D:1      | 869 ||| READING scroll labelled NIOCZY FE CUORR.
   893 | D:1      | 893 ||| READING scroll labelled BUSUTHRUZUV.
   894 | D:1      | 894 ||| DRINKING 2 sedimented pink potions.
   895 | D:1      | 895 ||| DROPPING scroll of butterflies.
   896 | D:1      | 896 ||| DROPPING potion of degeneration.
   897 | D:1      | 897 ||| DROPPING potion of magic.
   989 | D:2      | Reached XP level 3. HP: 18/18 MP: 4/4
  1828 | D:2      | 1828 ||| READING scroll of identify.
  1828 | D:2      | 1828 ||| IDENTIFYING blue potion
  1829 | D:2      | 1829 ||| READING 2 scrolls labelled BEKHLO NOTAE.
  1829 | D:2      | 1829 ||| ENCHANTING +0 shortbow.
  1830 | D:2      | 1830 ||| READING scroll labelled QOHOFF ZODE.
  1830 | D:2      | 1830 ||| ENCHANTING +0 shortbow.
  1831 | D:2      | 1831 ||| READING scroll labelled HAKAZI ELOPYH.
  1932 | D:2      | 1932 ||| READING scroll labelled GOTIAF EK XIP.
  1933 | D:2      | 1933 ||| DRINKING 2 emerald potions.
  1972 | D:2      | 1972 ||| DROPPING potion of lignification.
  1993 | D:3      | 1993 ||| STAIRDANCE
  2012 | D:3      | Found a broken altar of Ashenzari.
  2058 | D:3      | Reached XP level 4. HP: 22/22 MP: 5/5
  2061 | D:3      | Found a radiant altar of Vehumet.
  2134 | D:3      | Found a glowing silver altar of Zin.
  2357 | D:3      | HP: 5/22 [poisoned by an adder]
  2454 | D:3      | Found a faded altar of an unknown god.
  2547 | D:3      | 2547 ||| READING scroll labelled MUFFERAUKK.
  2549 | D:3      | 2549 ||| Stepping ~*~*~tactically~*~*~ (cloud).
  2764 | D:4      | Reached XP level 5. HP: 26/26 MP: 6/6
  2974 | D:4      | Found a stormy altar of Qazlal.
  3183 | D:4      | 3183 ||| READING 3 scrolls of identify.
  3183 | D:4      | 3183 ||| IDENTIFYING silvery potion
  3184 | D:4      | 3184 ||| READING 2 scrolls of identify.
  3184 | D:4      | 3184 ||| IDENTIFYING 2 scrolls labelled EZOFAU BOJA
  3185 | D:4      | 3185 ||| DROPPING 2 scrolls of fog.
  3221 | D:5      | Entered Level 5 of the Dungeon
  3224 | D:5      | 3224 ||| STAIRDANCE
  3231 | D:4      | Reached skill level 6 in Ranged Weapons
  3241 | D:5      | 3241 ||| STAIRDANCE
  3246 | D:4      | Reached XP level 6. HP: 30/30 MP: 7/7
  3276 | D:5      | Noticed a water moccasin
  3277 | D:5      | 3277 ||| DRINKING potion of haste.
  3289 | D:5      | HP: 3/30 [water moccasin (5)]
  3290 | D:5      | Reached skill level 6 in Dodging
  3290 | D:5      | Succumbed to a water moccasin's poison

Levels and vault maps discovered:
D:1:      dpeg_arrival_water_temple_mockup, layout_loops_ring, serial_forest,
          infiniplex_forest_corner_2, infiniplex_forest_clump_double,
          infiniplex_forest_lined_room_3, infiniplex_forest_fountain,
          infiniplex_forest_end_3, infiniplex_forest_corner_1,
          infiniplex_forest_clump_curved, infiniplex_forest_straight_4
D:2:      layout_loops_corners, minmay_tetromino_s4
D:3:      minmay_roachtagon, layout_basic, mainiacjoe_overflow_alcove_4,
          mainiacjoe_overflow_surrounded_room,
          mainiacjoe_overflow_six_doors_small, ebering_ecumenical_altar_rust,
          serial_bayou_pond_a, minmay_shallow_snake_nest
D:4:      layout_cave_pools, old_standard_altar
D:5:      layout_rooms, worldfamousw_hep_ancestral_shrine, grunt_gozag_statues,
          nemelex_spade_bored_becter, biasface_ghost_orc_armoury,
          kennysheep_generic_room_3, uniq_prince_ribbit1, uniq_menkaure

Skill      XL: |  1  2  3  4  5  6 |
---------------+-------------------+-----
Dodging        | 3 4 5 6 |  6.2
Ranged Weapons | 5 6 |  6.2
Fighting       | 2 |  2.0
Stealth        | |  1.5

Action                     |  1- 3 |  4- 6 || total
---------------------------+-------+-------++-------
   Fire: Shortbow          |    97 |   162 ||   259
    Use: Scroll            |    10 |     3 ||    13
         Potion            |     2 |     1 ||     3
 Armour: Robe              |    10 |    19 ||    29
  Dodge: Dodged            |    42 |    92 ||   134

Table legend:
 A = Non-vault XP
 B = Vault XP
 C = Vault XP percentage of total XP
 D = Non-vault monster count
 E = Vault monster count
 F = Vault count percentage of total count
                 A         B        C        D         E       F
            +---------+---------+-------+---------+---------+-------
      Total |     480 |      38 |   7.3 |      75 |      14 |  15.7
            +---------+---------+-------+---------+---------+-------
        D:1 |      27 |       0 |   0.0 |      16 |       0 |   0.0
        D:2 |      54 |       2 |   3.6 |      19 |       1 |   5.0
        D:3 |      43 |      36 |  45.6 |      11 |      13 |  54.2
        D:4 |     232 |       0 |   0.0 |      25 |       0 |   0.0
        D:5 |     124 |       0 |   0.0 |       4 |       0 |   0.0
            +---------+---------+-------+---------+---------+-------
